 Dungeon Crawl Stone Soup version 0.31-a0-1591-g515db51633 (webtiles) character file.

Game seed: 11917196237569506421

914 Ofeo the Sneak (level 7, 33/61 HPs)
             Began as a Pale Draconian Brigand on Jan 7, 2024.
             Was a Follower of Uskayaw.
             Quit the game on level 5 of the Dungeon.
             The game lasted 00:07:05 (5312 turns).

Ofeo the Sneak (Pale Draconian Brigand)             Turns: 5312, Time: 00:07:05

Health: 33/61      AC: 10    Str: 13    XL:     7   Next: 82%
Magic:  7/7        EV: 13    Int: 11    God:    Uskayaw [*.....]
Gold:   206        SH:  5    Dex: 15    Spells: 6/6 levels left

rFire   . . .        k - +0 rapier (spect)
rCold   . . .        (no shield)
rNeg    . . .        (body armour unavailable)
rPois   .            p - +2 hat {Will+}
rElec   .            b - +1 cloak
rCorr   .            (no gloves)
SInv    .            (no boots)
Will    +....        l - amulet of reflection
Stlth   +++          (no ring)
HPRegen 0.30/turn    (no ring)
MPRegen 0.10/turn

%: reflection
@: no status effects
A: breathe steam, AC +6, unfitting armour, cold-blooded, steam resistance
a: Breathe Steam, Renounce Religion, Stomp


You were on level 5 of the Dungeon.
You worshipped Uskayaw.
Uskayaw was noncommittal.
You visited 2 branches of the dungeon, and saw 6 of its levels.
You also visited: Sewer.

You collected 206 gold pieces.

Inventory:

Hand Weapons
 a - a +2 dagger
 k - a +0 spectral rapier (weapon)
 m - a +2 short sword of venom
Missiles
 c - 14 poisoned darts (quivered)
 d - 3 curare-tipped darts
 e - 6 silver javelins
Armour
 b - a +1 cloak (worn)
 p - a +2 hat of willpower (worn)
Jewellery
 l - an amulet of reflection (around neck)
 n - an amulet of faith
Scrolls
 f - 3 scrolls of fear
 i - a scroll of identify {@r1}
 j - 2 scrolls of fog
 o - 2 scrolls of enchant armour
 r - 2 scrolls of teleportation {@r3}
 t - a scroll of brand weapon
 u - a scroll of revelation
 w - a scroll of torment
Potions
 g - 3 potions of brilliance
 h - 4 potions of heal wounds {@q2}
 q - 3 potions of curing {@q1}
 s - a potion of haste {@q3}
 v - 2 potions of mutation {unknown}


   Skills:
 + Level 5.3 Fighting
 - Level 3.7 Short Blades
 - Level 3.3 Throwing
 + Level 3.9 Dodging
 + Level 5.7 Stealth


You had 6 spell levels left.
You didn't know any spells.
Your spell library contained the following spells:

 Spells                   Type           Power      Damage    Failure   Level
 Apportation              Tloc           0%         N/A       34%         1
 Necrotise                Necr           0%         1d4       34%         1
 Sting                    Conj/Alch      0%         1d3       34%         1
 Summon Small Mammal      Summ           0%         N/A       34%         1
 Inner Flame              Hex/Fire       0%         N/A       71%         3
 Irradiate                Conj/Alch      0%         3d11      100%        5
 Ignition                 Fire           0%         3d3       100%        8


Dungeon Overview and Level Annotations

Branches:
Dungeon (5/15)             Temple (1/1) D:4           Sewer (visited)

Altars:
Ashenzari
Dithmenos
Fedhas
Gozag
Hepliaklqana
Kikubaaqudgha
Makhleb
Okawaru
Qazlal
Ru
Sif Muna
Trog
Uskayaw
Xom
Yredelemnul
Zin

Shops:
D:2 *   D:3 [   D:4 (


Innate Abilities, Weirdness & Mutations

You can breathe blasts of scalding, opaque steam.
Your pale cyan-grey scales are hard. (AC +6)
You cannot fit into any form of body armour.
You are cold-blooded and may be slowed by cold attacks.
You are immune to the effects of steam.


Message History

You miss the quokka.
The quokka is severely wounded.
The quokka bites you.
You take 2 damage, and have 56/61 hp.
You miss the quokka.
The quokka is heavily wounded.
The quokka misses you.
A quokka is nearby!
You hit the quokka.
You kill the quokka!
No target in view!
The sentinel's mark upon you fades away.
HP restored.
Found a stone staircase leading down.
Health restored: 61 No target in view!
No target in view!
You see here a potion of degeneration.
You see here a quokka corpse.
f - 3 scrolls of fear (gained 1)
You now have 197 gold pieces (gained 10).
You see here an iguana corpse.
p - 3 grey potions (gained 2)
i - 2 scrolls of identify {@r1} (gained 1)
You now have 206 gold pieces (gained 9).
Found a stone staircase leading up.
Done exploring.
Done exploring.
Done exploring.
Search for what [Enter for "."]? .
As you read the scroll labelled TOESHOIMUX, it crumbles to dust.
Your body is wracked with pain!
It was a scroll of torment.
You take 28 damage, and have 33/61 hp.
MASSIVE DAMAGE!!
As you read the scroll labelled EMPYPT GOYMI, it crumbles to dust.
The air around you briefly surges with heat, but it dissipates.
It was a scroll of immolation.
As you read the scroll of identify {@r1}, it crumbles to dust.
p - 3 potions of curing;
q - 3 potions of curing
p - a +2 hat of willpower (worn)
Are you sure you want to abandon this character and quit the game? (Confirm with "yes".)

.....#
#....#
.#...#
###.##.#
.#...#
#...##.#
.#...#
###.##.####
.....#
#.#####<#
####.# #.#
#.# ####.#
#.# #.#
.....#
#.#####.#
######
#......@#
#########


There were no monsters in sight!

Vanquished Creatures
  A black bear (D:5)
  An ogre (D:4)
  2 brain worms (Sewer)
  2 scorpions
  A bombardier beetle (D:4)
  An orc priest (D:4)
  3 hounds
  3 iguanas
  A gnoll (D:4)
  10 adders
  3 river rats (Sewer)
  2 white imps (D:5)
  2 dart slugs
  3 ribbon worms
  8 orcs
  8 ball pythons
  8 endoplasms
  4 giant cockroaches
  8 hobgoblins
  4 quokkas
  7 bats
  7 frilled lizards
  8 goblins
  7 kobolds
  18 rats
122 creatures vanquished.

Notes
Turn   | Place    | Note
-------+----------+-------------------------------------------
     0 | D:1      | Ofeo the Draconian Brigand began the quest for the Orb.
     0 | D:1      | Reached XP level 1. HP: 17/17 MP: 1/1
   116 | D:1      | Reached skill level 1 in Dodging
   384 | D:1      | Reached XP level 2. HP: 16/25 MP: 2/2
  1015 | D:2      | Reached XP level 3. HP: 30/30 MP: 3/3
  1050 | D:2      | Found Xopeguis's General Store.
  1289 | D:2      | Found a burning altar of Makhleb.
  1291 | D:2      | You fall into a shaft and drop 1 floor!
  1399 | D:2      | Identified the +1 ring mail of Zauxabul {Rampage rF+}
  1902 | D:3      | Found a faded altar of an unknown god.
  2010 | D:3      | Found Plog's Antique Armour Emporium.
  2178 | D:3      | Reached XP level 4. HP: 37/37 MP: 4/4
  2252 | D:3      | Found a glowing silver altar of Zin.
  2664 | D:4      | Found Mash's Antique Weapon Shop.
  2727 | D:4      | Reached XP level 5. HP: 45/45 MP: 5/5
  3067 | D:4      | Found a staircase to the Ecumenical Temple.
  3149 | Temple   | Entered the Ecumenical Temple
  3175 | Temple   | Became a worshipper of Uskayaw the Reveller
  3239 | D:4      | Noticed an ogre
  3246 | D:4      | Reached * piety under Uskayaw
  3248 | D:4      | Killed an ogre
  3249 | D:4      | Reached XP level 6. HP: 51/51 MP: 6/6
  3614 | D:4      | Reached ** piety under Uskayaw
  4233 | D:5      | Entered Level 5 of the Dungeon
  4305 | D:5      | Reached skill level 5 in Stealth
  4305 | D:5      | Your scales start taking on a pale cyan-grey colour.
  4305 | D:5      | Reached XP level 7. HP: 38/60 MP: 7/7
  4305 | D:5      | Gained mutation: You are immune to the effects of steam.
                  | [Pale Draconian growth]
  4405 | D:5      | Found a glowing drain.
  4421 | Sewer    | Entered a sewer
  4611 | Sewer    | Reached *** piety under Uskayaw
  4626 | Sewer    | Reached skill level 5 in Fighting
  5312 | D:5      | Quit the game

Illustrated notes

Levels and vault maps discovered:
D:1:      dpeg_arrival_round_b, layout_basic
D:2:      layout_basic, serial_shops, shop, basic_altar
D:3:      minmay_bubble_buster, layout_basic, amcnicky_altar_gilded,
          serial_shops, nicolae_shop_waterfront, nicolae_ecumenical_pavilion
D:4:      layout_basic, minmay_temple_entry_hall, serial_shops,
          nicolae_stop_n_shop_2, cheibrodos_gnoll_hut
D:5:      layout_basic, cheibrodos_sewer_entry_drain, kennysheep_generic_room_11
Temple:   bh_familiar_temple

Skill      XL: |  1  2  3  4  5  6  7 |
---------------+----------------------+-----
Dodging        | 1 2 3 |  3.9
Throwing       | 2 3 |  3.3
Stealth        | 4 5 |  5.7
Fighting       | 3 4 5 |  5.3
Short Blades   | 3 |  3.7

Action                     |  1- 3 |  4- 6 |  7- 9 || total
---------------------------+-------+-------+-------++-------
  Melee: Dagger            |    71 |       |       ||    71
         Tailslap          |     9 |    18 |    13 ||    40
         Short sword       |    32 |   153 |   119 ||   304
         Rapier            |     1 |       |    34 ||    35
         Punch             |       |     3 |     3 ||     6
  Throw: Dart              |    14 |    11 |       ||    25
    Use: Scroll            |     8 |     3 |     6 ||    17
   Stab: Sleeping          |     7 |     4 |     2 ||    13
         Distracted        |     1 |       |       ||     1
         Paralysed         |       |       |     1 ||     1
 Armour: Skin              |    38 |    83 |    50 ||   171
  Dodge: Dodged            |    52 |    85 |    73 ||   210
  Block: Other             |       |     6 |    25 ||    31
         Reflection        |       |       |     1 ||     1

Table legend: (Time is in decaauts)
 A = Elapsed time spent in this place.
 B = Non-inter-level travel time spent in this place.
 C = Inter-level travel time spent in this place.
 D = Time resting spent in this place.
 E = Time spent auto-exploring this place.
 F = Levels seen in this place.
 G = Mean time per level.
                   A        B        C        D        E       F      G
               +--------+--------+--------+--------+--------+-----+--------+
         Total |   5315 |   5108 |    207 |    233 |   3783 |   7 |  759.3 |
       Dungeon |   4748 |   4592 |    156 |    233 |   3490 |   5 |  949.6 |
        Temple |     51 |      1 |     50 |      0 |      0 |   1 |   51.0 |
         Sewer |    515 |    515 |      0 |      0 |    292 |   1 |  515.0 |
               +--------+--------+--------+--------+--------+-----+--------+

Top non-repeatable levels by time:
     D:4: 1503 daAuts
     D:2: 1046 daAuts
     D:3: 804 daAuts
     D:1: 797 daAuts
     D:5: 596 daAuts
   Sewer: 515 daAuts
  Temple: 51 daAuts
